 Dungeon Crawl Stone Soup version 0.28-a0-390-gb254ac4902 (webtiles) character file.

Game seed: 11411262833231361898

43442 hatdisgam the Carver (level 14, -2/70 HPs)
             Began as a Vine Stalker Fighter on Sept 4, 2021.
             Was a Follower of Uskayaw.
             Slain by a black mamba (9 damage)
             ... summoned by a boggart
             ... on level 6 of the Lair of Beasts.
             The game lasted 00:23:59 (14757 turns).

hatdisgam the Carver (Vine Stalker Fighter)        Turns: 14757, Time: 00:24:00

Health: -2/70      AC: 12    Str: 23    XL:     14   Next: 24%
Magic:  0/21       EV: 13    Int: 10    God:    Uskayaw [*.....]
Gold:   1066       SH:  5    Dex: 13    Spells: 13/13 levels left

rFire   + . .      SeeInvis +   a - +9 demon blade of Indestructible Action {drain, +Rage SInv}
rCold   + . .      Faith    .   c - +0 buckler
rNeg    . . .      Spirit   +   R - +0 scale mail
rPois   .          Reflect  .   s - +0 helmet
rElec   .          Harm     .   z - scarf {rC+ rF+}
rCorr   .          Rampage  .   N - +0 pair of gloves
Will    +....                   x - +1 pair of boots
Stlth   +++.......              (no amulet)
HPRegen 1.21/turn               e - +4 ring of slaying
MPRegen 0.17/turn               B - +4 ring of slaying

@: lethally poisoned (-2 -> -5), slowed, very slow
A: fangs 3, regeneration 1, magic shield, antimagic bite, no potion heal 2
a: Renounce Religion, Evoke Berserk Rage, Stomp


You were on level 6 of the Lair of Beasts.
You worshipped Uskayaw.
Uskayaw was aware of your devotion.
You visited 2 branches of the dungeon, and saw 17 of its levels.

You collected 1096 gold pieces.
You spent 30 gold pieces at shops.

Inventory:

Hand Weapons
 a - the +9 demon blade of Indestructible Action (weapon) {drain, +Rage SInv}
   (You acquired it on level 3 of the Lair of Beasts)

   A truly terrible weapon, it drains the life of any living foe it strikes.
   SInv:      It lets you see invisible.
   +Rage:     It lets you go berserk.
 b - a +1 dagger of draining
Missiles
 j - 461 stones
 n - 2 datura-tipped darts
 q - 37 poisoned darts (quivered)
 w - 7 silver javelins
 C - 9 javelins
 E - 3 atropa-tipped darts
 L - 4 curare-tipped darts
 M - 3 throwing nets
 O - 12 boomerangs of dispersal
 S - 8 boomerangs
Armour
 c - a +0 buckler (worn)
 s - a +0 helmet (worn)
 x - a +1 pair of boots (worn)
 z - a scarf of resistance (worn)
 N - a +0 pair of gloves (worn)
 R - a +0 scale mail (worn)
Jewellery
 e - a +4 ring of slaying (left hand)
 B - a +4 ring of slaying (right hand)
 J - a +6 ring of dexterity
 K - a ring of positive energy
 Q - a ring of poison resistance
 U - a ring of fire
 W - a ring of see invisible
Wands
 m - a wand of flame (33)
 I - a wand of charming (6)
 V - a wand of iceblast (4)
 Y - a wand of paralysis (8)
Scrolls
 g - 2 scrolls of brand weapon
 h - 3 scrolls of teleportation
 i - 2 scrolls of torment
 l - 3 scrolls of fog {unknown}
 p - 2 scrolls of blinking {unknown}
 r - 10 scrolls of amnesia {unknown}
 t - a scroll of silence
 v - 2 scrolls of magic mapping
 y - 3 scrolls of holy word
 D - 4 scrolls of fear
 F - 2 scrolls of vulnerability
 P - a scroll of enchant armour
Potions
 d - 2 potions of berserk rage {unknown}
 f - 2 potions of brilliance {unknown}
 k - 2 potions of ambrosia {unknown}
 o - 7 potions of curing {unknown}
 u - 2 potions of lignification {unknown}
 A - 3 potions of mutation {unknown}
 G - a potion of cancellation {unknown}
 H - 3 potions of heal wounds {unknown}
 T - a potion of invisibility {unknown}
 X - a potion of degeneration {unknown}
 Z - a potion of flight {unknown}


   Skills:
 + Level 6.5 Fighting
 - Level 0.7(10.0) Short Blades
 - Level 14.9 Long Blades
 * Level 4.1 Throwing
 - Level 5.1 Armour
 - Level 7.1 Dodging
 + Level 10.2 Stealth
 - Level 4.0 Shields
 - Level 9.0 Invocations


You had 13 spell levels left.
You didn't know any spells.
Your spell library contained the following spells:

 Spells                   Type           Power      Damage    Failure   Level
 Animate Skeleton         Necr           0%         N/A       65%         1
 Apportation              Tloc           0%         N/A       65%         1
 Beastly Appendage        Tmut           0%         N/A       65%         1
 Corona                   Hex            0%         N/A       65%         1
 Pain                     Necr           0%         1d4       65%         1
 Sting                    Tmut/Pois      0%         1d3       65%         1
 Summon Small Mammal      Summ           0%         N/A       65%         1
 Blink                    Tloc           N/A        N/A       80%         2
 Corpse Rot               Necr/Air       N/A        N/A       80%         2
 Ensorcelled Hibernation  Hex/Ice        0%         N/A       80%         2
 Poisonous Vapours        Pois/Air       0%         N/A       80%         2
 Static Discharge         Conj/Air       0%         N/A       80%         2
 Wereblood                Tmut           0%         N/A       80%         2
 Ignite Poison            Fire/Tmut/Pois 0%         N/A       95%         3
 Mephitic Cloud           Conj/Pois/Air  0%         N/A       95%         3
 Spider Form              Tmut/Pois      0%         N/A       95%         3
 Summon Guardian Golem    Hex/Summ       0%         N/A       95%         3
 Vampiric Draining        Necr           0%         2d6       95%         3
 Dispel Undead            Necr           0%         3d6       100%        4
 Olgreb's Toxic Radiance  Pois           0%         N/A       100%        4
 Sticky Flame             Conj/Fire      0%         2d3       100%        4
 Bolt of Magma            Conj/Fire/Erth 0%         4d4       100%        5
 Freezing Cloud           Conj/Ice/Air   0%         6-21      100%        5
 Manifold Assault         Tloc           0%         N/A       100%        5
 Death Channel            Necr           0%         N/A       100%        6
 Orb of Destruction       Conj           0%         N/A       100%        7
 Spellforged Servitor     Conj/Summ      0%         N/A       100%        7
 Storm Form               Tmut/Air       0%         N/A       100%        7


Dungeon Overview and Level Annotations

Branches:
Dungeon (11/15)            Temple (0/1) D:5            Lair (6/6) D:11
 Shoals (0/4) Lair:4        Snake (0/4) Lair:3        Slime (0/5) Lair:5
    Orc (0/2) D:10

Altars:
Ashenzari
Cheibriados
Fedhas
Hepliaklqana
Okawaru
Sif Muna
Uskayaw
Vehumet
Yredelemnul
The Shining One

Shops:
D:4 *   D:10 (

Annotations:
D:3 2 transporters, rogsnak's ghost, weakling BaEE
Lair:1 1 runed translucent door, omnomnOMINOUS's ghost, journeyman OpWn
Lair:4 3 runed translucent doors, Lesmeliq's ghost, journeyman HuWn


Innate Abilities, Weirdness & Mutations

You have razor-sharp teeth.
Your natural rate of healing is unusually fast.
When hurt, damage is shared between your health and your magic reserves.
Your bite disrupts and absorbs the magic of your enemies.
Potions cannot restore your health.


Message History

You closely miss the wolf.
The wolf is severely wounded.
The wolf misses you.
You slice the wolf!!
You kill the wolf!
No target in view!
You start resting.
Magic restored.
You can no longer pass through a line of other dancers.
You start resting.
HP restored.
You climb downwards.
The water moccasin barely misses you. The eight-headed hydra bites you!
You block the eight-headed hydra's attack.
The eight-headed hydra bites you! x2
The eight-headed hydra bites you but does no damage.
The eight-headed hydra bites you!
The eight-headed hydra barely misses you.
The eight-headed hydra bites you! The water moccasin barely misses you.
There is a stone staircase leading up, spattered with blood here.
Unknown command.
The black mamba bites you but does no damage.
The boggart hits you but does no damage.
The hornet stings you.
You are poisoned.
You feel yourself slow down.
The water moccasin bites you but does no damage.
You block the eight-headed hydra's attack.
The eight-headed hydra bites you but does no damage.
The eight-headed hydra bites you.
* * * LOW HITPOINT WARNING * * *
The eight-headed hydra closely misses you.
The eight-headed hydra barely misses you.
The eight-headed hydra closely misses you.
The eight-headed hydra bites you!
* * * LOW HITPOINT WARNING * * *
The eight-headed hydra bites you!
* * * LOW HITPOINT WARNING * * *
The black mamba bites you!
You die...

...? .... ...
.... . ##..
...) .P##..^
.... ......D ♣
.♣ .!..
.......##.♣♣ .
....
#.....P.##.♣ D
....
#.......S..♣ y♣
#..S@g..♣♣ ♣g♣
###D.y.l.#♣♣S.♣
#....#†.#†.♣
###....#...♣
#........♣
#.......♣♣
#.......♣
####...♣♣ #...♣


You could see an eight-headed hydra (summoned), a four-headed hydra (wandering),
a komodo dragon (summoned), a black mamba (summoned), a hornet, a water moccasin
(summoned) and a boggart.

Vanquished Creatures
  Josephine (D:11)
  6 hydras
  3 death yaks
  3 two-headed ogres
  Maurice (D:8)
  16 elephants
  5 black mambas
  A cyclops (D:11)
  Joseph (Lair:1)
  2 torpor snails
  A centaur zombie (D:11)
  7 cane toads
  2 unseen horrors
  A gargoyle (D:8)
  3 rime drakes
  7 komodo dragons
  3 polar bears
  2 merfolk (Lair:4)
  A hornet (shapeshifter) (D:9)
  21 blink frogs
  2 shadows (D:11)
  A vampire (D:9)
  4 wraiths (D:11)
  46 yaks
  2 spriggans (Lair:3)
  3 wyverns
  2 basilisks
  4 nagas (Lair:3)
  7 water moccasins
  4 orc warriors
  3 black bears
  2 ogres (D:6)
  2 sky beasts
  24 wolves
  3 centaurs
  13 bullfrogs
  2 gnoll sergeants
  A wyvern zombie (D:6)
  A scorpion (D:7)
  A wyvern skeleton (D:7)
  9 killer bees
  An electric eel (Lair:3)
  A jelly (D:4)
  3 centaur skeletons
  5 orc priests
  2 iguanas (D:5)
  2 bullfrog skeletons
  5 orc wizards
  A mummy (D:4)
  2 howler monkey zombies
  4 adders
  8 gnolls
  A shadow imp (D:7)
  2 white imps (D:7)
  2 ufetubi
  An adder skeleton (D:3)
  3 worms
  3 dart slugs
  27 orcs
  3 ball pythons
  2 bats (D:3)
  5 endoplasms
  2 giant cockroaches (D:1)
  4 hobgoblins
  2 quokkas
  2 frilled lizards
  12 goblins
  9 kobolds
  A kobold zombie (D:4)
  3 orc zombies (D:4)
  8 rats
349 creatures vanquished.

Vanquished Creatures (others)
  A komodo dragon (Lair:1)
  14 fungi
  34 plants
49 creatures vanquished.

Grand Total: 398 creatures vanquished

Notes
Turn   | Place    | Note
-------+----------+-------------------------------------------
     0 | D:1      | hatdisgam the Vine Stalker Fighter began the quest for the
                  | Orb.
     0 | D:1      | Reached XP level 1. HP: 11/11 MP: 2/2
    20 | D:1      | Found a faded altar of an unknown god.
    61 | D:1      | Reached skill level 2 in Long Blades
   240 | D:1      | Reached XP level 2. HP: 13/16 MP: 3/3
  1012 | D:2      | Found a snail-covered altar of Cheibriados.
  1043 | D:2      | Reached XP level 3. HP: 19/19 MP: 4/4
  1374 | D:2      | You fall into a shaft and drop 1 floor!
  1401 | D:3      | Found a hide-covered altar of Uskayaw.
  1407 | D:3      | Reached skill level 3 in Long Blades
  1419 | D:3      | Became a worshipper of Uskayaw the Reveller
  1513 | D:2      | Reached * piety under Uskayaw
  2151 | D:3      | Gained mutation: Your natural rate of healing is unusually
                  | fast. [Vine Stalker growth]
  2151 | D:3      | Reached XP level 4. HP: 19/23 MP: 5/5
  2229 | D:3      | Found a transporter.
  2230 | D:3      | Identified the +3 ring mail of Cocytus {rElec Int+4 Slay+2}
  2230 | D:3      | Noticed a gnoll sergeant
  2236 | D:3      | Found a transporter.
  2239 | D:3      | Noticed rogsnak's ghost (weakling BaEE)
  2285 | D:3      | Found a snail-covered altar of Cheibriados.
  2368 | D:3      | Reached ** piety under Uskayaw
  2370 | D:3      | Found a glowing golden altar of the Shining One.
  2370 | D:3      | Found a shimmering blue altar of Sif Muna.
  2801 | D:4      | Noticed a black bear
  2808 | D:4      | Killed a black bear
  2809 | D:4      | Reached skill level 4 in Long Blades
  2809 | D:4      | Reached XP level 5. HP: 26/27 MP: 3/6
  2810 | D:4      | Reached *** piety under Uskayaw
  3018 | D:4      | Reached XP level 6. HP: 31/32 MP: 5/7
  3146 | D:4      | Found Poivaxt's General Store.
  3150 | D:4      | Bought a scroll of teleportation for 30 gold pieces
  3424 | D:5      | Entered Level 5 of the Dungeon
  3436 | D:5      | Found a hazy altar of Hepliaklqana.
  3466 | D:5      | Found a staircase to the Ecumenical Temple.
  3523 | D:5      | Reached skill level 1 in Stealth
  3524 | D:5      | Reached **** piety under Uskayaw
  3525 | D:5      | Reached skill level 5 in Long Blades
  3560 | D:5      | Reached skill level 1 in Dodging
  3728 | D:5      | Found a radiant altar of Vehumet.
  3750 | D:5      | Reached XP level 7. HP: 27/35 MP: 6/8
  3813 | D:5      | Found a broken altar of Ashenzari.
  3814 | D:5      | Found an iron altar of Okawaru.
  4265 | D:6      | Reached skill level 6 in Long Blades
  4602 | D:6      | Noticed a two-headed ogre
  4612 | D:6      | Killed a two-headed ogre
  4613 | D:6      | Reached skill level 7 in Long Blades
  4613 | D:6      | Reached skill level 5 in Stealth
  4613 | D:6      | Gained mutation: You have razor-sharp teeth. [Vine Stalker
                  | growth]
  4613 | D:6      | Reached XP level 8. HP: 39/39 MP: 9/9
  4772 | D:6      | Reached skill level 1 in Invocations
  5082 | D:7      | Reached XP level 9. HP: 34/43 MP: 11/11
  5222 | D:7      | Reached skill level 8 in Long Blades
  5837 | D:8      | Noticed a gargoyle
  5844 | D:8      | Found a basalt altar of Yredelemnul.
  5885 | D:8      | Killed a gargoyle
  6074 | D:8      | Reached skill level 9 in Long Blades
  6084 | D:8      | Reached ***** piety under Uskayaw
  6299 | D:8      | Noticed Maurice
  6312 | D:8      | Killed Maurice
  6313 | D:8      | Reached skill level 5 in Dodging
  6313 | D:8      | Reached XP level 10. HP: 33/47 MP: 10/14
  7149 | D:9      | Noticed a two-headed ogre
  7159 | D:9      | Killed a two-headed ogre
  7167 | D:9      | Reached skill level 10 in Long Blades
  7167 | D:9      | Reached skill level 5 in Invocations
  7437 | D:9      | Found the +12 glaive of Prune {vorpal}
  7437 | D:9      | Noticed a gargoyle
  7437 | D:9      | Noticed a green ugly thing
  7437 | D:9      | Noticed a deep elf pyromancer
  7437 | D:9      | Noticed a two-headed ogre
  7437 | D:9      | Noticed a white ugly thing
  7437 | D:9      | Noticed a manticore
  7470 | D:10     | Entered Level 10 of the Dungeon
  7557 | D:10     | Found a blossoming altar of Fedhas.
  7885 | D:10     | Noticed a two-headed ogre
  7886 | D:10     | Found Rouh's Armour Emporium.
  7944 | D:10     | Killed a two-headed ogre
  8078 | D:10     | Found a staircase to the Orcish Mines.
  8107 | D:10     | Killed an unseen horror
  8185 | D:10     | Found Hanucad's Weapon Emporium.
  8482 | D:11     | Reached skill level 11 in Long Blades
  8482 | D:11     | Reached XP level 11. HP: 26/54 MP: 14/16
  8482 | D:11     | Reached ****** piety under Uskayaw
  8508 | D:11     | Reached skill level 5 in Fighting
  8607 | D:11     | Noticed a cyclops
  8618 | D:11     | Killed a cyclops
  8741 | D:11     | Found a staircase to the Lair.
  8862 | D:11     | Noticed Josephine
  8876 | D:11     | Killed Josephine
  9225 | Lair:1   | Entered Level 1 of the Lair of Beasts
  9339 | Lair:1   | Noticed a four-headed hydra
  9353 | Lair:1   | Killed a four-headed hydra
  9354 | Lair:1   | Reached skill level 12 in Long Blades
  9674 | Lair:1   | Noticed Joseph
  9686 | Lair:1   | Killed Joseph
  9712 | Lair:1   | Reached XP level 12. HP: 60/60 MP: 18/18
  9788 | Lair:1   | You fall into a shaft and drop 1 floor!
  9908 | Lair:1   | Found a runed translucent door.
 10228 | Lair:1   | Identified the +9 trident "Fezxemoo" {vorpal, Str+4 Int+2
                  | Dex+4}
 10228 | Lair:1   | Noticed omnomnOMINOUS's ghost (journeyman OpWn)
 10571 | Lair:2   | Noticed a six-headed hydra
 10572 | Lair:2   | Reached skill level 13 in Long Blades
 10668 | Lair:2   | Killed a six-headed hydra
 11296 | Lair:3   | Reached skill level 5 in Armour
 11415 | Lair:3   | Found a staircase to the Snake Pit.
 11624 | Lair:3   | Noticed a six-headed hydra
 11634 | Lair:3   | Killed a six-headed hydra
 11652 | Lair:3   | Reached XP level 13. HP: 37/65 MP: 11/19
 11676 | Lair:3   | Reached skill level 14 in Long Blades
 12430 | Lair:3   | Identified a scroll of acquirement
 12431 | Lair:3   | Acquired the +9 demon blade of Indestructible Action
                  | {drain, +Rage SInv}
 13001 | Lair:4   | Found a runed translucent gate.
 13002 | Lair:4   | Found a runed translucent gate.
 13003 | Lair:4   | Found a runed translucent gate.
 13009 | Lair:4   | Noticed Lesmeliq's ghost (journeyman HuWn)
 13134 | Lair:4   | Found a staircase to the Shoals.
 13811 | Lair:5   | Reached skill level 1 in Throwing
 13858 | Lair:5   | Reached XP level 14. HP: 59/69 MP: 17/21
 13954 | Lair:5   | Reached skill level 10 in Stealth
 14397 | Lair:5   | Found a staircase to the Slime Pits.
 14632 | Lair:6   | Entered Level 6 of the Lair of Beasts
 14757 | Lair:6   | Slain by a black mamba

Illustrated notes

Levels and vault maps discovered:
D:1:      doesnt_arrival_eight_statues, layout_loops_ring,
          basic_ecumenical_altar
D:2:      layout_basic, basic_altar, minmay_pentomino_x4
D:3:      cheibrodos_helix_gallery, layout_rooms,
          nicolae_uskayaw_murder_on_the_dancefloor, jmf_multi_god_temple,
          mainiacjoe_overflow_surrounded_room, gammafunk_ghost_gnarly_gnolls,
          skrybe_limestone_x
D:4:      layout_basic, serial_shops, shop, minmay_mini_ossuary
D:5:      layout_basic, nicolae_vehumet_altar_sigil,
          mainiacjoe_overflow_catwalk, mainiacjoe_overflow_divided_tiny,
          minmay_temple_entry_from_below_a
D:6:      layout_basic
D:7:      layout_loops_cross
D:8:      layout_loops_ring, nicolae_overflow_crystal_walls, uniq_maurice
D:9:      minmay_the_grid_triangle_9x9_recursive_2
          [minmay_the_grid_triangle_9x9_prize_insulated,
          minmay_the_grid_triangle_9x9_warning,
          minmay_the_grid_triangle_9x9_corruption,
          minmay_the_grid_triangle_9x9_limited_checkers], layout_loops_cross
D:10:     layout_loops_ring, mainiacjoe_overflow_six_doors_small, orc_david_3
D:11:     layout_basic, lair_entry_dummy, uniq_josephine
Lair:1:   layout_regular_city, ebering_ghost_funeral_grove,
          gauntlet_entry_generic, st_stairs_3, cheibrodos_lair_reptile_den,
          uniq_joseph
Lair:2:   layout_small_grid
Lair:3:   layout_regular_city, guppyfry_snake_entry_island, wad_woods_river_03,
          forest_entry_grove
Lair:4:   layout_gridlike, elwin_shoals_entry_rooms, gammafunk_ghost_necromancy
Lair:5:   layout_cave_shapes, dpeg_slime_entry_corner,
          chequers_serial_rivers_room_a
Lair:6:   minmay_lair_end_enchanted_forest, layout_hall_layers, uniq_urug

Skill      XL: |  1  2  3  4  5  6  7  8  9 10 11 12 13 14 |
---------------+-------------------------------------------+-----
Long Blades    | 2 3 4 5 7 9 11 12 13 14 | 14.9
Shields        | 3 4 |  4.0
Stealth        | 2 5 7 9 10 | 10.2
Dodging        | 1 3 5 7 |  7.1
Invocations    | 1 4 6 7 9 |  9.0
Fighting       | 4 5 6 |  6.5
Armour         | 3 5 |  5.1
Throwing       | 1 4 |  4.1
Short Blades   | |  0.7

Action                   |  1- 3 |  4- 6 |  7- 9 | 10-12 | 13-15 || total
-------------------------+-------+-------+-------+-------+-------++-------
Melee: Long sword        |    82 |    79 |   150 |   394 |    52 ||   757
       Bite              |    16 |    24 |    57 |   157 |    85 ||   339
       Dagger            |       |       |       |    24 |    16 ||    40
       Demon blade       |       |       |       |       |   169 ||   169
Throw: Dart              |       |     3 |       |       |       ||     3
Evoke: Wand              |       |       |     2 |    14 |       ||    16
  Use: Potion            |       |       |     3 |     1 |       ||     4
       Scroll            |       |       |     3 |     8 |     4 ||    15
 Stab: Paralysed         |       |     2 |     9 |    38 |    20 ||    69
       Distracted        |       |       |       |     1 |       ||     1
       Sleeping          |       |       |       |     2 |     4 ||     6
Armor: Scale mail        |    31 |    33 |    58 |   121 |    73 ||   316
Dodge: Dodged            |    38 |    27 |    57 |   177 |   114 ||   413
Block: Buckler           |    16 |    20 |    20 |    82 |    38 ||   176

Table legend: (Time is in decaauts)
 A = Elapsed time spent in this place.
 B = Non-inter-level travel time spent in this place.
 C = Inter-level travel time spent in this place.
 D = Time resting spent in this place.
 E = Time spent auto-exploring this place.
 F = Levels seen in this place.
 G = Mean time per level.
                   A        B        C        D        E       F      G
               +--------+--------+--------+--------+--------+-----+--------+
         Total |  14665 |  13939 |    726 |    486 |  10924 |  17 |  862.6 |
       Dungeon |   9264 |   8806 |    458 |    323 |   7032 |  11 |  842.2 |
          Lair |   5401 |   5133 |    268 |    163 |   3892 |   6 |  900.2 |
               +--------+--------+--------+--------+--------+-----+--------+

Top non-repeatable levels by time:
  Lair:3: 1187 daAuts
  Lair:5: 1122 daAuts
  Lair:1: 1066 daAuts
     D:1: 1024 daAuts
  Lair:2: 995 daAuts
  Lair:4: 992 daAuts
    D:10: 971 daAuts
     D:2: 958 daAuts
     D:8: 912 daAuts
     D:9: 854 daAuts
     D:6: 824 daAuts
     D:5: 785 daAuts
     D:3: 779 daAuts
    D:11: 779 daAuts
     D:4: 708 daAuts
